 Dungeon Crawl Stone Soup version 0.27-a0-1196-g3e9cee4cb2 (webtiles) character file.

Game seed: 10934640604173818625

35 lightspider the Skirmisher (level 3, -1/31 HPs)
             Began as a Ghoul Monk on May 27, 2021.
             Was a Believer of Kikubaaqudgha.
             Slain by a worm (2 damage)
             ... on level 3 of the Dungeon.
             The game lasted 00:07:29 (1084 turns).

lightspider the Skirmisher (Ghoul Monk)             Turns: 1084, Time: 00:07:30

Health: -1/31      AC:  4    Str: 14    XL:     3   Next: 33%
Magic:  2/2        EV: 12    Int:  6    God:    Kikubaaqudgha [**....]
Gold:   17         SH:  0    Dex: 11    Spells: 1/2 levels left

rFire    . . .     SeeInvis .   a - +0 falchion
rCold    + . .     Faith    .   (no shield)
rNeg     + + +     Spirit   .   b - +0 robe
rPois    ∞         Reflect  .   f - +0 helmet
rElec    .         Harm     .   e - +0 cloak
rCorr    .         Rampage  .   (no gloves)
Will     .....                  (no boots)
Stlth    ++........             (no amulet)
HPRegen  0.00/turn              (no ring)
MPRegen  0.08/turn              (no ring)

@: no status effects
A: claws 1, cold resistance 1, negative energy resistance 3, inhibited
regeneration, torment resistance 2
a: Renounce Religion, Receive Corpses


You were on level 3 of the Dungeon.
You worshipped Kikubaaqudgha.
Kikubaaqudgha was pleased with you.
You visited 1 branch of the dungeon, and saw 3 of its levels.

You collected 17 gold pieces.

Inventory:

Hand Weapons
 a - a +0 falchion (weapon)
Armour
 b - a +0 robe (worn)
 e - a +0 cloak (worn)
 f - a +0 helmet (worn)
 g - a +0 chain mail
Scrolls
 d - a scroll of teleportation {unknown}
 h - a scroll of fear {unknown}
 j - a scroll of acquirement {unknown}
 k - a scroll of immolation {unknown}
Potions
 c - 2 potions of berserk rage {unknown}
 i - a potion of might {unknown}


   Skills:
 + Level 3.5 Fighting
 + Level 2.9 Long Blades
 - Level 0.6 Armour
 + Level 2.9 Dodging
 + Level 2.7 Stealth
 - Level 0.6 Unarmed Combat
 + Level 0.2 Spellcasting
 + Level 0.0 Necromancy


You had one spell level left.
You knew the following spells:

 Your Spells              Type           Power      Damage    Failure   Level
a - Animate Skeleton      Necr           0%         N/A       43%         1

Your spell library contained the following spells:

 Spells                   Type           Power      Damage    Failure   Level
 Pain                     Necr           0%         1d4       43%         1
 Apportation              Tloc           0%         N/A       45%         1
 Corona                   Hex            0%         N/A       45%         1
 Summon Small Mammal      Summ           0%         N/A       45%         1
 Corpse Rot               Necr/Air       N/A        N/A       58%         2
 Vampiric Draining        Necr           0%         2d6       82%         3
 Animate Dead             Necr           0%         N/A       99%         4
 Agony                    Necr           0%         N/A       100%        5


Dungeon Overview and Level Annotations

Branches:
Dungeon (3/15)

Altars:
Kikubaaqudgha


Innate Abilities, Weirdness & Mutations

You thrive by killing the living.
You are immune to poison.
You have sharp fingernails.
Your flesh is cold resistant. (rC+)
You are immune to negative energy. (rN+++)
You do not regenerate when monsters are visible.
You are immune to unholy pain and torment.


Message History

The worm bites you but does no damage.
You hit the worm.
The worm is moderately wounded.
You hit the worm.
The worm is heavily wounded.
The worm bites you but does no damage.
You barely miss the worm.
The worm is heavily wounded.
The worm bites you but does no damage.
You barely miss the worm.
The worm is heavily wounded.
You hit the worm but do no damage.
The worm is heavily wounded.
The worm barely misses you.
You hit the worm.
The worm is heavily wounded.
The worm bites you!
You hit the worm but do no damage.
The worm is heavily wounded.
You hit the worm.
The worm is severely wounded.
The worm bites you but does no damage.
You barely miss the worm.
The worm is heavily wounded.
The worm bites you but does no damage.
You barely miss the worm.
The worm is heavily wounded.
The worm barely misses you.
You hit the worm.
The worm is severely wounded.
You hit the worm but do no damage.
The worm is severely wounded.
The worm bites you!
* * * LOW HITPOINT WARNING * * *
Okay, then.
You barely miss the worm.
The worm is severely wounded.
The worm bites you.
You die...
Kikubaaqudgha rasps: "You have failed me!
Welcome... oblivion!"

..###.# #.# #.# #.# #.# ..#
... #.# ... #+## #.#.#.#
#.# #...## ..#.#.# #.###
#.....# ###.#.# #.#.##
##.......
......#####....####........
................@wg........
.##.###.###.....###........
... #.# #.#.#.# ##.......
###. #.###.###.# #.....# .
#.##..# #.# #..... .
#.##.####.# #.#.#
#.........# ....
####.###### #. #.#


You could see a worm and a hobgoblin.

Vanquished Creatures
  An adder (D:2)
  A dart slug (D:2)
  2 ball pythons (D:2)
  3 giant cockroaches
  A quokka (D:2)
  4 bats
  A frilled lizard (D:2)
  6 goblins (D:2)
  2 kobolds
  A rat (D:2)
22 creatures vanquished.

Notes
Turn   | Place    | Note
-------+----------+-------------------------------------------
     0 | D:1      | lightspider the Ghoul Monk began the quest for the Orb.
     0 | D:1      | Reached XP level 1. HP: 19/19 MP: 0/0
    13 | D:1      | You fall into a shaft and drop 1 floor!
   268 | D:2      | Reached XP level 2. HP: 26/26 MP: 1/1
   310 | D:2      | Found an ancient bone altar of Kikubaaqudgha.
   377 | D:2      | Found a faded altar of an unknown god.
   638 | D:2      | Reached XP level 3. HP: 29/31 MP: 2/2
   686 | D:2      | Became a worshipper of Kikubaaqudgha
   686 | D:2      | Reached * piety under Kikubaaqudgha
   686 | D:2      | Identified Kikubaaqudgha's Handbook of Necromancy
                  | (Kikubaaqudgha gifted it to you on level 2 of the Dungeon)
   686 | D:2      | Received a gift from Kikubaaqudgha
   686 | D:2      | Reached ** piety under Kikubaaqudgha
   690 | D:2      | Learned a level 1 spell: Animate Skeleton
  1083 | D:3      | HP: 1/31 [worm (10)]
  1084 | D:3      | Slain by a worm

Illustrated notes

Levels and vault maps discovered:
D:1:      wheals_arrival_linesprint, layout_loops_corners,
          minmay_small_reverse_x
D:2:      layout_loops_cross, basic_altar, basic_ecumenical_altar,
          hangedman_abyss_or_decor_lesser_grid, minmay_pentomino_u2
D:3:      layout_loops_corners, st_stairs_2

Action                   || total
-------------------------++-------
Melee: Falchion          ||    77
 Cast: Animate Skeleton  ||     1
 Stab: Sleeping          ||     3
Armor: Robe              ||    31
Dodge: Dodged            ||    47
       Rpst.: Falchion   ||    12

Table legend: (Time is in decaauts)
 A = Elapsed time spent in this place.
 B = Non-inter-level travel time spent in this place.
 C = Inter-level travel time spent in this place.
 D = Time resting spent in this place.
 E = Time spent auto-exploring this place.
 F = Levels seen in this place.
 G = Mean time per level.
                   A        B        C        D        E       F      G
               +--------+--------+--------+--------+--------+-----+--------+
         Total |   1096 |   1047 |     49 |      0 |    711 |   3 |  365.3 |
       Dungeon |   1096 |   1047 |     49 |      0 |    711 |   3 |  365.3 |
               +--------+--------+--------+--------+--------+-----+--------+

Top non-repeatable levels by time:
     D:2: 901 daAuts
     D:3: 181 daAuts
     D:1: 13 daAuts
